 Dungeon Crawl Stone Soup version 0.19-a0-1025-g778f431 (webtiles) character file.

210 JustSomeDude the Grave Robber (level 5, -15/36 HPs)
             Began as a Demonspawn Necromancer on Mar 10, 2016.
             Demolished by an ogre
             ... wielding a +0 giant club
              (21 damage)
             ... on level 4 of the Dungeon on July 28, 2016.
             The game lasted 02:03:48 (3629 turns).

JustSomeDude the Grave Robber (DsNe)                Turns: 3629, Time: 02:03:49

Health: -15/36     AC:  5    Str:  9      XL:     5   Next: 57%
Magic:  8/10       EV: 12    Int: 16 (17) God:
Gold:   237        SH:  0    Dex: 13      Spells: 3 memorised, 5 levels left

rFire  . . .     SeeInvis .     (no weapon)
rCold  . . .     Gourm    .     a - +0 robe
rNeg   . . .     Faith    .     (no shield)
rPois  .         Spirit   .     d - +1 helmet
rElec  .         Dismiss  .     (no cloak)
rCorr  .         Reflect  .     (no gloves)
SustAt .         Harm     .     (no boots)
MR     .....                    (no amulet)
Stlth  ++........               (no ring)
                                (no ring)

@: not resistant to hostile enchantments, unstealthy
A: molten scales 1, powered by death 1
a: no special abilities


You were on level 4 of the Dungeon.
You were hungry.

You visited 1 branch of the dungeon, and saw 4 of its levels.

You collected 237 gold pieces.

Inventory:

Armour
 a - a +0 robe (worn)
 d - a +1 helmet (worn)
Jewellery
 m - an uncursed ring of poison resistance {unknown}
 q - an uncursed ring of resist corrosion {unknown}
Scrolls
 f - 2 scrolls of recharging
 h - 2 scrolls of random uselessness
 j - 4 scrolls of remove curse
 k - 2 scrolls of identify
 r - a scroll of magic mapping {unknown}
Potions
 e - a potion of invisibility
 n - a potion of magic {unknown}
 o - a potion of agility {unknown}
Books
 b - a book of Necromancy

   Spells                             Type                      Level
   a - Pain                           Necromancy                   1
   b - Animate Skeleton               Necromancy                   1
   c - Vampiric Draining              Necromancy                   3
   d - Regeneration                   Charms/Necromancy            3
   e - Animate Dead                   Necromancy                   4
   f - Control Undead                 Necromancy                   4
Comestibles
 c - 3 bread rations
 g - a royal jelly
 i - a beef jerky
 l - 3 fruits
 p - a slice of pizza


   Skills:
 + Level 0.4 Fighting
 + Level 2.2 Dodging
 + Level 1.8 Stealth
 + Level 0.1 Unarmed Combat
 + Level 3.8 Spellcasting
 + Level 5.9 Necromancy


You had 5 spell levels left.
You knew the following spells:

 Your Spells              Type           Power        Failure   Level  Hunger
a - Pain                  Necr           ###.         1%          1    None
b - Animate Skeleton      Necr           N/A          1%          1    None
c - Animate Dead          Necr           N/A          17%         4    ####...


Dungeon Overview and Level Annotations

Branches:
Dungeon (4/15)
 Temple: D:4-7

Altars:
Fedhas
Ru
The Shining One

Annotations:
D:3 Chiseanne's ghost, amateur TrVM
D:4 herpmino's ghost, weakling FoFi


Innate Abilities, Weirdness & Mutations

You are partially covered in molten scales. (AC +1)
You regenerate a little health from kills.


Message History

Press: ? - help, Shift-Dir - straight line, f/p - ogre
Aim: an ogre, wielding a giant club (moderately wounded, chance to defeat MR: 81%)
The ogre barely resists.
Your orc zombie barely misses the ogre.
Casting: Pain
Confirm with . or Enter, or press ? or * to list all spells.
Aiming: Pain
Press: ? - help, Shift-Dir - straight line, f/p - ogre
Aim: an ogre, wielding a giant club (moderately wounded, chance to defeat MR: 81%)
The ogre convulses in agony!
The ogre hits you with a giant club!!
Ouch! That really hurt!
* * * LOW HITPOINT WARNING * * *
Herpmino's ghost hits your orc zombie.
Your orc zombie barely misses herpmino's ghost.
Herpmino's ghost barely misses your orc zombie.
Herpmino's ghost hits your orc zombie!
Your orc zombie is destroyed!
Herpmino's ghost screams, "I have seen your future, and it is all used up."
The ogre hits you with a giant club!!
Ouch! That really hurt!
You die...

#.#.. #Z#
#.# #.#
#.### #.##Z#
#Z# #.# #.#
#.##Z# #Z#
#.# #.#
#.##.####Z#
#.# #W#
#.##..(ZZ.#
#.# #.#
#.#########
#.# #.# #.#
#.#
#.########@#
#...W....O.#
############


You could see an ogre and herpmino's ghost.

Vanquished Creatures
  An orc wizard (D:3)
  6 adders
  3 gnolls (D:2)
  A worm (D:2)
  3 dart slugs
  4 giant geckos
  13 orcs
  2 ball pythons
  7 bats
  4 giant cockroaches
  3 goblins
  8 hobgoblins
  7 kobolds
  2 quokkas (D:2)
  5 giant newts
  11 rats
80 creatures vanquished.

Notes
Turn   | Place    | Note
-------+----------+-------------------------------------------
     0 | D:1      | JustSomeDude the Demonspawn Necromancer began the quest for the Orb.
     0 | D:1      | Reached XP level 1. HP: 13/13 MP: 3/3
   585 | D:1      | Gained mutation: You regenerate a little health from kills. [demonic ancestry]
   585 | D:1      | Reached XP level 2. HP: 14/19 MP: 1/5
   809 | D:1      | Upgraded the game from 0.18-a0-1542-g9c1a92e to 0.18-a0-1551-g40744a8
   809 | D:1      | Upgraded the game from 0.18-a0-1551-g40744a8 to 0.18-a0-1562-gac8da35
   809 | D:1      | Upgraded the game from 0.18-a0-1562-gac8da35 to 0.18-a0-1570-gf60b0ab
   809 | D:1      | Upgraded the game from 0.18-a0-1570-gf60b0ab to 0.18-a0-1572-g0a86841
   809 | D:1      | Upgraded the game from 0.18-a0-1572-g0a86841 to 0.18-a0-1577-gf591c28
  1055 | D:1      | Upgraded the game from 0.18-a0-1577-gf591c28 to 0.18-a0-1628-g61c6396
  1055 | D:1      | Upgraded the game from 0.18-a0-1628-g61c6396 to 0.18-a0-1639-g7533f42
  1172 | D:1      | Reached skill level 5 in Necromancy
  1185 | D:1      | Learned a level 1 spell: Animate Skeleton
  1227 | D:2      | Gained mutation: You are partially covered in molten scales. (AC +1) [demonic ancestry]
  1227 | D:2      | Reached XP level 3. HP: 21/24 MP: 0/6
  1463 | D:2      | Upgraded the game from 0.18-a0-1639-g7533f42 to 0.18-a0-1702-gd20c6a5
  1665 | D:2      | Upgraded the game from 0.18-a0-1702-gd20c6a5 to 0.18-a0-1745-gffa9a88
  1878 | D:2      | Reached XP level 4. HP: 12/31 MP: 0/8
  2351 | D:3      | Found a blossoming altar of Fedhas.
  2576 | D:3      | Noticed Chiseanne's ghost (amateur TrVM)
  2634 | D:3      | Upgraded the game from 0.18-a0-1745-gffa9a88 to 0.19-a0-1025-g778f431
  2718 | D:3      | Reached XP level 5. HP: 7/36 MP: 2/10
  3066 | D:3      | Found a glowing golden altar of the Shining One.
  3261 | D:4      | Found a sacrificial altar of Ru.
  3439 | D:4      | Learned a level 4 spell: Animate Dead
  3588 | D:4      | Noticed an ogre
  3593 | D:4      | Noticed herpmino's ghost (weakling FoFi)
  3629 | D:4      | Demolished by an ogre

Vault maps used:
D:1:      dpeg_arrival_simpleton_c
D:3:      marbit_many_paths, nicolae_overflow_crystal_walls,
          portal_sewer_entry_f
D:4:      hangedman_ru_absence, first_bread, kennysheep_generic_room_3,
          uniq_duvessa

Skill      XL: |  1  2  3  4 |
---------------+-------------+-----
Dodging        | 2 |  2.2
Necromancy     | 5 |  5.9
Spellcasting   | 3 |  3.8
Fighting       | |  0.4
Stealth        | |  1.8
Unarmed Combat | |  0.1

Action                   |  1- 3 |  4- 6 || total
-------------------------+-------+-------++-------
Melee: Unarmed           |    32 |     1 ||    33
 Cast: Pain              |    87 |    18 ||   105
       Pain              |       |    61 ||    61
       Animate Dead      |       |     1 ||     1
       Animate Skeleton  |       |     1 ||     1
  Use: Potion            |     3 |       ||     3
       Scroll            |       |     6 ||     6
       Potion            |       |     1 ||     1
  Eat: Chunk             |     3 |     3 ||     6
       Chunk             |       |     3 ||     3
Armor: Robe              |       |     2 ||     2
Dodge: Dodged            |       |    10 ||    10
